 Dungeon Crawl Stone Soup version 0.27-a0-860-gaf99fae3ca (webtiles) character file.

Game seed: 2496397609358685279

70366 CakeIsGreat the Geomancer (level 15, -1/103 HPs)
             Began as a Gargoyle Earth Elementalist on Apr 1, 2021.
             Was a High Priest of Vehumet.
             Slain by a hell knight
             ... wielding a +5 long sword
              (16 damage)
             ... on level 3 of the Abyss.
             The game lasted 00:47:36 (29415 turns).

CakeIsGreat the Geomancer (GrEE)                   Turns: 29415, Time: 00:47:37

Health: -1/103     AC: 23    Str: 13    XL:     15   Next: 33%
Magic:  28/29      EV: 13    Int: 25    God:    Vehumet [*****.]
Gold:   1521       SH:  0    Dex: 10    Spells: 5/34 levels left

rFire    + . .     SeeInvis .   H - +2 quarterstaff (drain)
rCold    + + .     Faith    .   (shield currently unavailable)
rNeg     + . .     Spirit   .   A - +2 leather armour {rC+}
rPois    ∞         Reflect  .   o - +0 helmet
rElec    +         Harm     .   (no cloak)
rCorr    .         Rampage  .   e - +2 pair of gloves
Will     ++...                  n - +1 pair of boots of the Invisible Hand {+Inv rC+ Will+ Int+4}
Stlth    +.........             g - amulet of Vitality {Regen+ HP+15}
HPRegen  1.27/turn              c - ring of wizardry
MPRegen  0.21/turn              Q - ring of protection from fire

@: confused, about to teleport, ambrosia-drunk, attractive, flying
A: AC +11, big wings, negative energy resistance 1, electricity resistance,
torment resistance 1, unbreathing 1, petrification resistance
a: Renounce Religion, Evoke Invisibility


You were on level 3 of the Abyss.
You worshipped Vehumet.
Vehumet was extremely pleased with you.
You visited 3 branches of the dungeon, and saw 22 of its levels.
You visited the Abyss 1 time.

You collected 1521 gold pieces.

Inventory:

Hand Weapons
 H - a +2 quarterstaff of draining (weapon)
Missiles
 b - 297 stones
Armour
 a - a +0 pair of boots
 e - a +2 pair of gloves (worn)
 n - the +1 pair of boots of the Invisible Hand (worn) {+Inv rC+ Will+ Int+4}
   (You acquired it on level 3 of the Lair of Beasts)

   It affects your intelligence (+4).
   It protects you from cold.
   It lets you turn invisible.
   It increases your willpower.
 o - a +0 helmet (worn)
 A - a +2 leather armour of cold resistance (worn)
Magical Staves
 t - a staff of poison
Jewellery
 c - a ring of wizardry (left hand)
 g - the amulet of Vitality (around neck) {Regen+ HP+15}
   (You found it on level 6 of the Lair of Beasts)

   [amulet of regeneration]

   It affects your health (+15).
   It increases your rate of health regeneration.
 j - an amulet of regeneration
 l - a +4 ring of evasion
 m - a +6 ring of intelligence
 x - a +6 ring of dexterity
 y - a ring of resist corrosion
 C - the ring "Wasoirhuhogg" {rF+ rC+}
   (You found it on level 13 of the Dungeon)

   [ring of protection from cold]

   It protects you from fire.
   It protects you from cold.
 F - an amulet of regeneration
 Q - a ring of protection from fire (right hand)
Wands
 v - a wand of polymorph (6)
 B - a wand of iceblast (19)
 D - a wand of flame (39)
 E - a wand of random effects (20)
 G - a wand of paralysis (4)
 O - a wand of digging (7)
 T - a wand of acid (10)
Scrolls
 i - 9 scrolls of amnesia
 q - 2 scrolls of teleportation
 s - a scroll of acquirement
 u - 3 scrolls of identify
 I - a scroll of silence
Potions
 d - 4 potions of cancellation
 f - 6 potions of might
 k - 3 potions of magic
 p - 5 potions of brilliance
 r - a potion of attraction
 w - 7 potions of curing
 z - a potion of haste


   Skills:
 + Level 8.1 Fighting
 + Level 7.5(9.0) Maces & Flails
 + Level 7.4(8.9) Staves
 - Level 6.0 Armour
 + Level 6.4 Dodging
 - Level 2.1 Stealth
 - Level 4.0 Shields
 * Level 10.0 Spellcasting
 * Level 11.2 Conjurations
 - Level 0.7 Transmutations
 * Level 8.3 Fire Magic
 + Level 4.1 Ice Magic
 * Level 12.8 Earth Magic
 + Level 6.5 Evocations


You had 5 spell levels left.
You knew the following spells:

 Your Spells              Type           Power      Damage    Failure   Level
a - Sandblast             Erth           100%       2d20      1%          1
b - Stone Arrow           Conj/Erth      100%       3d13      1%          3
c - Lee's Rapid Deconstr  Erth           33%        3d18*     1%          5
d - Bolt of Magma         Conj/Fire/Erth 30%        4d14      1%          5
e - Sticky Flame          Conj/Fire      57%        2d7       1%          4
f - Fireball              Conj/Fire      28%        3d12      1%          5
g - Conjure Flame         Conj/Fire      57%        6-21      1%          3
h - Frozen Ramparts       Ice            66%        1d8       1%          3

Your spell library contained the following spells:

 Spells                   Type           Power      Damage    Failure   Level
 Conjure Ball Lightning   Conj/Air       20%        3x3d6     11%         6
 Beastly Appendage        Tmut           32%        N/A       1%          1
 Foxfire                  Conj/Fire      100%       2x1d9     1%          1
 Shock                    Conj/Air       100%       1d9       1%          1
 Ensorcelled Hibernation  Hex/Ice        44%        N/A       1%          2
 Passwall                 Tmut/Erth      38%        N/A       1%          2
 Dazzling Flash           Conj/Hex       80%        N/A       1%          3
 Ignite Poison            Fire/Tmut/Pois 27%        N/A       1%          3
 Static Discharge         Conj/Air       40%        N/A       1%          3
 Animate Armour           Summ/Erth      88%        N/A       1%          4
 Petrify                  Tmut/Erth      46%        N/A       1%          4
 Irradiate                Conj/Tmut      21%        3d20      1%          5
 Animate Skeleton         Necr           24%        N/A       2%          1
 Apportation              Tloc           24%        N/A       2%          1
 Corona                   Hex            13%        N/A       2%          1
 Pain                     Necr           48%        1d6       2%          1
 Summon Small Mammal      Summ           48%        N/A       2%          1
 Wereblood                Tmut           16%        N/A       2%          2
 Lightning Bolt           Conj/Air       20%        1d35      2%          5
 Call Imp                 Summ           12%        N/A       3%          2
 Swiftness                Air            12%        N/A       3%          2
 Spider Form              Tmut/Pois      7%         N/A       6%          3
 Airstrike                Air            6%         N/A       7%          4
 Call Canine Familiar     Summ           12%        N/A       8%          3
 Confusing Touch          Hex            12%        N/A       8%          3
 Gell's Gravitas          Tloc           6%         N/A       8%          3
 Lesser Beckoning         Tloc           6%         N/A       8%          3
 Summon Guardian Golem    Hex/Summ       12%        N/A       8%          3
 Tukima's Dance           Hex            12%        N/A       8%          3
 Vampiric Draining        Necr           6%         2d6       8%          3
 Ice Form                 Ice/Tmut       24%        N/A       9%          4
 Summon Ice Beast         Ice/Summ       22%        N/A       11%         4
 Yara's Violent Unravell  Hex/Tmut       7%         3d5       16%         5
 Animate Dead             Necr           6%         N/A       24%         4
 Summon Lightning Spire   Summ/Air       12%        N/A       24%         4
 Metabolic Englaciation   Hex/Ice        11%        N/A       28%         5
 Hydra Form               Tmut           8%         N/A       43%         5
 Alistair's Intoxication  Tmut/Pois      9%         N/A       47%         5
 Agony                    Necr           12%        N/A       52%         5
 Eringya's Noxious Bog    Tmut/Pois      7%         N/A       56%         6
 Invisibility             Hex            12%        N/A       97%         6
 Sublimation of Blood     Necr           Unusable   N/A       N/A         2

Dungeon Overview and Level Annotations

Branches:
Dungeon (15/15)            Temple (1/1) D:4            Lair (6/6) D:10
 Shoals (0/4) Lair:4       Spider (0/4) Lair:4        Slime (0/5) Lair:5
    Orc (0/2) D:12         Vaults (0/5) D:13
 Depths: D:15

Altars:
Ashenzari
Cheibriados
Dithmenos
Elyvilon
Fedhas
Gozag
Hepliaklqana
Kikubaaqudgha
Makhleb
Nemelex Xobeh
Okawaru
Qazlal
Ru
Sif Muna
Trog
Uskayaw
Vehumet
Wu Jian
Xom
Yredelemnul
Zin
The Shining One
Beogh

Shops:
D:7 ?


Innate Abilities, Weirdness & Mutations

Your stone body is resilient. (AC +11)
You are immune to poison.
Your large and strong wings let you fly.
You resist negative energy. (rN+)
You are resistant to electric shocks. (rElec)
You are resistant to unholy torment.
You can survive without breathing.
You are immune to petrification.


Message History

Okay, then.
You barely miss the spatial maelstrom.
The spatial maelstrom is almost destroyed.
The spatial maelstrom hits you.
You wobble for a moment.
The spatial maelstrom hits you! Space bends around you.
The spatial vortex is pulled toward you!
You're too confused to move!
The spatial maelstrom hits you!
* * * LOW HITPOINT WARNING * * *
You blink.
The spatial vortex is engulfed in blazing flames.
The hell knight hits you with a +5 long sword!!
* * * LOW HITPOINT WARNING * * *
The hellwing is pulled toward you! The hell knight is pulled toward you!
The spatial vortex is pulled toward you!
The hell knight is pulled toward you! x2
A spatial vortex comes into view.
You are too confused!
You bump into the crystal wall.
The hell knight shouts! x2; You hear a bark!
The hell knight gestures wildly while chanting.
The hell knight seems to speed up.
The hell knight hits you with a +5 long sword.
* * * LOW HITPOINT WARNING * * *
A chaos spawn comes into view.
The small abomination is engulfed in blazing flames.
A chaos spawn comes into view.
The chaos spawn growls angrily.
The chaos spawn roars deafeningly!
The hell knight is pulled toward you!
The chaos spawn is pulled toward you! x2
A spatial vortex and a chaos spawn come into view.
You hit the hell knight. You drain the hell knight.
The hell knight is lightly wounded.
You hear a bleat!
You hear a shout!
You hear a bark!
The hell knight hits you but does no damage.
The spatial maelstrom barely misses you.
The spatial maelstrom hits you but does no damage.
The hell knight closely misses you.
An ancient zyme comes into view.
You feel yourself growing ill in the presence of the ancient zyme.
The hell knight hits you with a +5 long sword!
You die...

.... ...........
.... # §. °.
.......#. #.#
§.p... ......###v##
#. .. . ......#..##
.. ...○ ...°..vh###
#
..p...°....°°.x..##
. .. .......##R4.§#
## ## ######p#4pv##
# .......p@v# ##
.#.######4x.# . # #
...# ..# .# .# # .
#


You could see a spatial maelstrom, 3 hell knights, 3 spatial vortices, an
ancient zyme, 2 hellwings, an efreet, a raiju, a chaos spawn and a small
abomination.

Vanquished Creatures
  The ghost of Haururia the Cleaver, a journeyman HOFi of Makhleb (Lair:3)
  9 hydras
  3 boulder beetles
  A vault guard (D:13)
  A merfolk avatar (Lair:6)
  5 centaur warriors
  6 death yaks
  4 two-headed ogres
  2 tengu warriors
  The ghost of Gilette the Thaumaturge, a journeyman SpVM of Nemelex Xobeh (Lair:1)
  Sonja (Lair:3)
  Nergalle (Lair:4)
  3 sea snakes (Lair:6)
  A wizard (D:13)
  A phantasmal warrior (D:13)
  6 deep elf pyromancers
  2 cyclopes (D:14)
  5 ugly things
  Joseph (Lair:1)
  2 black mambas
  8 elephants (Lair:6)
  7 cane toads
  2 torpor snails
  A naga mage (D:15)
  2 gargoyles
  9 komodo dragons
  Psyche (D:8)
  4 rime drakes
  A tengu conjurer (D:14)
  A freezing wraith (D:15)
  2 trolls
  2 merfolk (Lair:4)
  A meliai (shapeshifter) (D:8)
  5 jumping spiders (Lair:4)
  A polar bear (Lair:6)
  A wind drake (Lair:6)
  2 hornets
  Grinder (D:5)
  11 slime creatures
  Prince Ribbit (D:8)
  18 blink frogs
  A redback (Lair:4)
  6 shadows
  A wraith (D:10)
  2 vampires
  5 wyverns
  4 basilisks
  34 yaks
  10 vampire mosquitoes
  Edmund (D:6)
  An acid dragon (D:9)
  24 water moccasins
  7 orc warriors
  A necrophage (D:6)
  An ice beast (D:7)
  A sky beast (D:6)
  2 black bears
  An ogre (D:5)
  12 wolves
  5 boggarts
  16 centaurs
  A phantom (D:4)
  3 kobold brigands
  13 bullfrogs
  3 scorpions
  A wyvern zombie (D:5)
  A water moccasin zombie (D:5)
  A water moccasin skeleton (D:4)
  7 killer bees
  2 howler monkeys
  7 wights (D:7)
  4 electric eels
  4 centaur zombies
  3 bullfrog zombies
  3 centaur skeletons
  4 jellies
  5 orc priests
  A gnoll shaman (D:7)
  A bullfrog skeleton (D:5)
  Jessica (D:3)
  5 iguanas
  9 orc wizards
  A killer bee zombie (D:9)
  2 hound zombies (D:5)
  3 howler monkey zombies
  4 gnolls (D:5)
  A howler monkey skeleton (D:6)
  7 adders
  2 shadow imps (D:7)
  5 white imps
  An adder zombie (D:5)
  A worm (D:4)
  5 dart slugs
  20 orcs
  9 ball pythons
  7 bats
  4 endoplasms
  5 giant cockroaches
  10 goblins
  6 hobgoblins
  8 jackals
  17 kobolds
  5 quokkas
  A frilled lizard (D:1)
  8 rats
483 creatures vanquished.

Vanquished Creatures (collateral kills)
  A centaur zombie (D:9)
1 creature vanquished.

Vanquished Creatures (others)
  An unseen horror (shapeshifter) (D:13)
  48 fungi
  119 plants
  2 withered plants (D:5)
170 creatures vanquished.

Grand Total: 654 creatures vanquished

Notes
Turn   | Place    | Note
-------+----------+-------------------------------------------
     0 | D:1      | CakeIsGreat the Gargoyle Earth Elementalist began the quest
                  | for the Orb.
     0 | D:1      | Reached XP level 1. HP: 10/10 MP: 3/3
   220 | D:1      | Reached XP level 2. HP: 9/15 MP: 3/5
   479 | D:1      | Reached skill level 4 in Earth Magic
  1120 | D:1      | Reached XP level 3. HP: 20/20 MP: 6/6
  1124 | D:1      | Learned a level 3 spell: Stone Arrow
  2440 | D:2      | Reached XP level 4. HP: 15/24 MP: 6/8
  3142 | D:3      | Noticed Jessica
  3144 | D:3      | Killed Jessica
  3145 | D:3      | Reached skill level 1 in Fighting
  3145 | D:3      | Reached skill level 1 in Conjurations
  3243 | D:3      | Reached skill level 1 in Armour
  3451 | D:3      | Reached skill level 1 in Maces & Flails
  3453 | D:3      | Reached XP level 5. HP: 28/29 MP: 3/9
  3460 | D:3      | Learned a level 5 spell: Lee's Rapid Deconstruction
  3910 | D:3      | Reached skill level 1 in Shields
  4181 | D:4      | Found a staircase to the Ecumenical Temple.
  4190 | Temple   | Entered the Ecumenical Temple
  4483 | D:4      | Reached XP level 6. HP: 34/34 MP: 10/10
  4878 | D:4      | Reached skill level 1 in Staves
  4878 | D:4      | Reached skill level 1 in Evocations
  5244 | D:5      | Entered Level 5 of the Dungeon
  5267 | D:5      | Reached skill level 5 in Earth Magic
  5267 | D:5      | Reached XP level 7. HP: 33/39 MP: 12/12
  5786 | D:5      | Identified the +5 ring mail "Egeis" {Str+3 Int-3 SInv}
  5984 | D:5      | Reached XP level 8. HP: 29/45 MP: 0/13
  6320 | D:5      | Noticed Grinder
  6321 | D:5      | Paralysed by Grinder for 7 turns
  6336 | D:5      | Killed Grinder
  6736 | D:6      | Reached skill level 6 in Earth Magic
  6769 | D:6      | Found a sparkling altar of Nemelex Xobeh.
  6769 | D:6      | Found a blossoming altar of Fedhas.
  6901 | D:6      | Noticed Edmund
  7210 | D:6      | Reached XP level 9. HP: 45/50 MP: 4/15
  7845 | D:6      | Found a radiant altar of Vehumet.
  7848 | D:6      | Became a worshipper of Vehumet
  8240 | D:6      | Killed Edmund
  8241 | D:6      | Reached skill level 7 in Earth Magic
  8346 | D:6      | Reached skill level 5 in Spellcasting
  8540 | D:7      | Reached skill level 5 in Conjurations
  8601 | D:7      | Found Vuhut's Magic Scroll Shoppe.
  9864 | D:8      | Noticed Psyche
  9886 | D:8      | Killed Psyche
  9887 | D:8      | Reached XP level 10. HP: 56/56 MP: 9/18
 10019 | D:8      | Reached skill level 8 in Earth Magic
 10382 | D:8      | Noticed Prince Ribbit
 10393 | D:8      | Killed Prince Ribbit
 10589 | D:8      | Reached * piety under Vehumet
 10589 | D:8      | Offered knowledge of Freeze by Vehumet.
 10797 | D:8      | Noticed an eight-headed hydra
 10805 | D:8      | Killed an eight-headed hydra
 11096 | D:8      | Noticed a gargoyle
 11098 | D:8      | Killed a gargoyle
 11556 | D:9      | Found a white marble altar of Elyvilon.
 12369 | D:10     | Entered Level 10 of the Dungeon
 12411 | D:10     | Reached XP level 11. HP: 62/62 MP: 15/20
 12511 | D:10     | Reached skill level 9 in Earth Magic
 12627 | D:10     | Identified the Almanac of the Sailor
 12631 | D:10     | Learned a level 1 spell: Foxfire
 12636 | D:10     | Learned a level 4 spell: Sticky Flame
 12642 | D:10     | Learned a level 5 spell: Fireball
 12735 | D:10     | Reached ** piety under Vehumet
 12735 | D:10     | Offered knowledge of Searing Ray by Vehumet.
 12818 | D:10     | Reached skill level 5 in Fighting
 13159 | D:10     | Reached skill level 1 in Fire Magic
 13268 | D:10     | Noticed a two-headed ogre
 13273 | D:10     | Killed a two-headed ogre
 13325 | D:10     | Reached skill level 5 in Armour
 13453 | D:10     | Found a staircase to the Lair.
 13700 | Lair:1   | Entered Level 1 of the Lair of Beasts
 14096 | Lair:1   | Noticed Joseph
 14107 | Lair:1   | Killed Joseph
 14205 | Lair:1   | Reached skill level 5 in Maces & Flails
 14513 | Lair:1   | Noticed Gilette's ghost (journeyman SpVM)
 14516 | Lair:1   | Found a runed translucent gate.
 14516 | Lair:1   | Found a runed translucent gate.
 14516 | Lair:1   | Found a runed translucent gate.
 14878 | Lair:2   | Noticed a five-headed hydra
 15127 | Lair:1   | Killed a five-headed hydra
 15128 | Lair:1   | Reached skill level 5 in Staves
 15138 | Lair:1   | Reached XP level 12. HP: 33/69 MP: 1/22
 15270 | Lair:1   | Offered knowledge of Conjure Flame by Vehumet.
 15279 | Lair:1   | Learned a level 3 spell: Conjure Flame
 15590 | Lair:2   | Reached skill level 10 in Earth Magic
 15981 | Lair:2   | You fall into a shaft and drop 2 floors!
 16605 | Lair:3   | Found a runed translucent gate.
 16605 | Lair:3   | Found a runed translucent gate.
 16605 | Lair:3   | Found a runed translucent gate.
 16606 | Lair:3   | Noticed an 11-headed hydra
 16606 | Lair:3   | Noticed Haururia's ghost (journeyman HOFi)
 16606 | Lair:3   | Noticed an 11-headed hydra
 16769 | Lair:3   | Noticed Sonja
 16783 | Lair:3   | Killed Sonja
 17269 | Lair:4   | Reached *** piety under Vehumet
 17320 | Lair:4   | Noticed a death yak
 17321 | Lair:4   | Noticed a death yak
 17368 | Lair:4   | Killed a death yak
 17510 | Lair:4   | You fall into a shaft and drop 1 floor!
 18095 | Lair:4   | Noticed Nergalle
 18113 | Lair:4   | Killed Nergalle
 18114 | Lair:4   | Reached skill level 5 in Dodging
 18168 | Lair:4   | Noticed an eight-headed hydra
 18176 | Lair:4   | Killed an eight-headed hydra
 18177 | Lair:4   | Reached skill level 5 in Evocations
 18428 | Lair:4   | Noticed an eight-headed hydra
 18431 | Lair:4   | Killed an eight-headed hydra
 18432 | Lair:4   | Reached skill level 5 in Fire Magic
 18553 | Lair:4   | Reached XP level 13. HP: 75/75 MP: 17/25
 18617 | Lair:4   | Found a hole to the Spider Nest.
 18684 | Lair:4   | Offered knowledge of Frozen Ramparts by Vehumet.
 18691 | Lair:4   | Learned a level 3 spell: Frozen Ramparts
 18874 | Lair:4   | Reached skill level 11 in Earth Magic
 19386 | Lair:4   | Found a staircase to the Shoals.
 19684 | Lair:5   | Found a staircase to the Slime Pits.
 20316 | Lair:6   | Entered Level 6 of the Lair of Beasts
 20325 | Lair:5   | Reached skill level 1 in Ice Magic
 20637 | Lair:6   | Reached **** piety under Vehumet
 21017 | Lair:6   | Offered knowledge of Bolt of Magma by Vehumet.
 21025 | Lair:6   | Learned a level 5 spell: Bolt of Magma
 21772 | Lair:6   | Reached skill level 10 in Conjurations
 21821 | Lair:6   | Gained mutation: Your large and strong wings let you fly.
                  | [Gargoyle growth]
 21821 | Lair:6   | Reached XP level 14. HP: 71/82 MP: 3/26
 22023 | Lair:6   | Found the amulet of Vitality {Regen+ HP+15}
 22463 | Lair:6   | Identified the +2 hand axe of Discomfort {flame, Fragile
                  | Will+ Str+3}
 22958 | Lair:1   | Killed Gilette's ghost
 23166 | Lair:3   | Reached skill level 12 in Earth Magic
 23392 | Lair:3   | Killed Haururia's ghost
 23450 | Lair:3   | Identified a scroll of acquirement
 23450 | Lair:3   | Acquired the +1 pair of boots of the Invisible Hand {+Inv
                  | rC+ Will+ Int+4}
 24525 | D:12     | Reached ***** piety under Vehumet
 24908 | D:12     | Found a staircase to the Orcish Mines.
 24921 | D:12     | Offered knowledge of Conjure Ball Lightning by Vehumet.
 26450 | D:13     | Identified the ring "Wasoirhuhogg" {rF+ rC+}
 27227 | D:13     | Found a gate to the Vaults.
 27444 | D:14     | Reached XP level 15. HP: 59/88 MP: 13/28
 28903 | D:15     | Entered Level 15 of the Dungeon
 29017 | D:15     | Reached skill level 10 in Spellcasting
 29062 | D:15     | Found a snail-covered altar of Cheibriados.
 29303 | D:15     | Cast into level 3 of the Abyss (a wizard)
 29415 | Abyss:3  | Slain by a hell knight

Illustrated notes

Levels and vault maps discovered:
D:1:      sevenhm_arrival_forest_fort_small_3, layout_basic
D:2:      minmay_razor_zed, layout_loops_ring, minmay_distorted
D:3:      layout_loops_cross, uniq_jessica
D:4:      layout_cave_pools, minmay_temple_entry_statues_fountains
D:5:      layout_rooms, serial_undead, serial_undead_d, serial_undead_b,
          serial_undead_b, serial_undead_d, serial_undead_e,
          kennysheep_minor_cross, uniq_grinder
D:6:      layout_layer_cave, gammafunk_temple_overflow_wave, kennysheep_mini,
          kennysheep_windowed_goal, uniq_edmund
D:7:      layout_gridville, serial_shops, shop, minmay_quadrilaterals
D:8:      layout_basic, kb_rosetta, uniq_psyche, uniq_prince_ribbit1
D:9:      layout_loops_ring, nicolae_elyvilon_peaceful_grove, serial_park_tiny_2
D:10:     layout_gridville, grunt_lair_entry_orc_guard_hut
D:11:     layout_rooms
D:12:     layout_loops_ring, minmay_orc_entry_temple_small
D:13:     layout_loops_ring, david_vaults_4
D:14:     layout_long_grid, chequers_serial_rivers_micro_e, st_stairs_11,
          grunt_decor_resistance
D:15:     grunt_enter_depths_magical_seal, layout_loops_cross,
          kennysheep_slug_shrine, uniq_nessos
Temple:   dpeg_five_rooms_temple
Lair:1:   layout_long_grid, ebering_ghost_rock_garden,
          nicolae_lair_grove_arrangements, beast_lair_carwin_2,
          infiniplex_staircase_pool_2, uniq_joseph
Lair:2:   layout_roguey, serial_bayou_shore_a
Lair:3:   layout_misc_corridors, gammafunk_ghost_hydra_chop,
          serial_bayou_pond_a, serial_bayou_shore_b, uniq_sonja
Lair:4:   layout_regular_city, elwin_shoals_entry_rooms,
          nicolae_spider_entry_tight_spaces, uniq_nergalle
Lair:5:   layout_hall_layers, slime_dummy, serial_bayou_lagoon_a
Lair:6:   gammafunk_lair_ancient_temple, layout_loops_ring, lemuel_fruit_fields
Abyss:3:  base: D:8, evilmike_abyss_rune_ettins, evilmike_abyss_exit_chaos,
          evilmike_abyss_exit_chaos

Skill      XL: |  1  2  3  4  5  6  7  8  9 10 11 12 13 14 15 |
---------------+----------------------------------------------+-----
Earth Magic    | 4 5 6 7 8 9 10 11 12 | 12.8
Fighting       | 1 2 3 4 5 6 7 8 |  8.1
Dodging        | 2 3 4 5 6 |  6.4
Conjurations   | 1 2 3 4 5 6 7 9 10 11 | 11.2
Armour         | 1 2 3 4 5 6 |  6.0
Maces & Flails | 1 2 3 4 5 6 7 |  7.5
Shields        | 1 2 3 4 |  4.0
Spellcasting   | 3 4 5 6 7 8 9 10 | 10.0
Staves         | 1 2 3 4 5 6 7 |  7.4
Evocations     | 1 2 3 4 5 6 |  6.5
Fire Magic     | 3 5 6 7 8 |  8.3
Ice Magic      | 2 3 4 |  4.1
Stealth        | |  2.1
Transmutations | |  0.7

Action                   |  1- 3 |  4- 6 |  7- 9 | 10-12 | 13-15 || total
-------------------------+-------+-------+-------+-------+-------++-------
Melee: Unarmed           |    27 |       |       |       |       ||    27
       Club              |    24 |       |       |       |       ||    24
       Whip              |   128 |     1 |       |       |       ||   129
       Mace              |       |   166 |   104 |       |       ||   270
       Flail             |       |       |    23 |    74 |       ||    97
       Quarterstaff      |       |       |       |    42 |   218 ||   260
 Cast: Sandblast         |    10 |    41 |    42 |    96 |    47 ||   236
       Stone Arrow       |       |       |    83 |   212 |   229 ||   524
       Lee's Rapid Decon |       |       |       |     9 |     9 ||    18
       Sticky Flame      |       |       |       |     9 |    43 ||    52
       Bolt of Magma     |       |       |       |       |    91 ||    91
       Frozen Ramparts   |       |       |       |       |     2 ||     2
       Fireball          |       |       |       |       |    22 ||    22
  Use: Scroll            |       |     5 |     2 |    12 |    15 ||    34
       Potion            |       |       |       |       |     6 ||     6
 Stab: Sleeping          |     4 |     1 |       |       |       ||     5
Armor: Robe              |    92 |   125 |    96 |       |       ||   313
       Skin              |       |       |     5 |       |       ||     5
       Leather armour    |       |       |     2 |   165 |   254 ||   421
Dodge: Dodged            |   143 |   150 |   108 |   225 |   282 ||   908

Table legend: (Time is in decaauts)
 A = Elapsed time spent in this place.
 B = Non-inter-level travel time spent in this place.
 C = Inter-level travel time spent in this place.
 D = Time resting spent in this place.
 E = Time spent auto-exploring this place.
 F = Levels seen in this place.
 G = Mean time per level.
                   A        B        C        D        E       F      G
               +--------+--------+--------+--------+--------+-----+--------+
         Total |  29606 |  28347 |   1259 |   2235 |  22119 |  23 | 1287.2 |
       Dungeon |  19351 |  18800 |    551 |   1021 |  15194 |  15 | 1290.1 |
        Temple |    261 |    213 |     48 |      0 |    212 |   1 |  261.0 |
          Lair |   9901 |   9241 |    660 |   1214 |   6713 |   6 | 1650.2 |
         Abyss |     92 |     92 |      0 |      0 |      0 |   1 |   92.0 |
               +--------+--------+--------+--------+--------+-----+--------+

Top non-repeatable levels by time:
  Lair:5: 2067 daAuts
  Lair:1: 2002 daAuts
  Lair:4: 1966 daAuts
     D:1: 1725 daAuts
     D:6: 1712 daAuts
    D:12: 1696 daAuts
  Lair:6: 1605 daAuts
    D:13: 1595 daAuts
     D:8: 1576 daAuts
     D:7: 1559 daAuts
     D:2: 1436 daAuts
    D:10: 1344 daAuts
  Lair:3: 1293 daAuts
     D:5: 1274 daAuts
    D:14: 1225 daAuts
